 Dungeon Crawl Stone Soup version 0.29-a0-830-gcb1280458a (webtiles) character file.

Game seed: 12049430043041932381

88 PriceMaster the Stinger (level 4, -2/21 HPs)
             Began as a Spriggan Venom Mage on July 12, 2022.
             Killed from afar by Natasha (7 damage)
             ... with a magic dart
             ... on level 2 of the Dungeon.
             The game lasted 00:09:04 (3266 turns).

PriceMaster the Stinger (Spriggan Venom Mage)       Turns: 3266, Time: 00:09:05

Health: -2/21      AC:  2    Str:  4    XL:     4   Next: 30%
Magic:  5/9        EV: 18    Int: 16    God:
Gold:   63         SH:  0    Dex: 17    Spells: 8/9 levels left

rFire   . . .      SeeInvis +   f - +0 dagger
rCold   . . .      Faith    .   (no shield)
rNeg    . . .      Spirit   .   a - +0 robe
rPois   .          Reflect  .   (helmet restricted)
rElec   .          Harm     .   (no cloak)
rCorr   .          Rampage  .   (gloves unavailable)
Will    .....                   (boots unavailable)
Stlth   ++........              (no amulet)
HPRegen 0.07/turn               (no ring)
MPRegen 0.11/turn               (no ring)

@: slowed, quick
A: very small, no large weapons, unfitting armour, see invisible, speed 3
a: no special abilities


You were on level 2 of the Dungeon.
You visited 1 branch of the dungeon, and saw 2 of its levels.

You collected 63 gold pieces.

Inventory:

Hand Weapons
 f - a +0 dagger (weapon)
Missiles
 o - 3 poisoned darts
Armour
 a - a +0 robe (worn)
 i - a +0 leather armour
Wands
 l - a wand of quicksilver (9) (quivered)
Scrolls
 d - a scroll of teleportation {unknown}
 e - a scroll of magic mapping {unknown}
 g - 3 scrolls of identify {unknown}
 h - 2 scrolls of fear {unknown}
 j - 2 scrolls of vulnerability {unknown}
 k - a scroll of enchant armour {unknown}
Potions
 b - a potion of magic
 c - a potion of lignification {unknown}
 m - a potion of brilliance {unknown}
 n - a potion of invisibility {unknown}


   Skills:
 + Level 0.3 Fighting
 + Level 1.2 Short Blades
 + Level 0.1 Maces & Flails
 + Level 3.3 Dodging
 + Level 3.2 Stealth
 + Level 3.2 Spellcasting
 + Level 2.4 Transmutations
 * Level 3.8 Poison Magic


You had 8 spell levels left.
You knew the following spells:

 Your Spells              Type           Power      Damage    Failure   Level
a - Sting                 Tmut/Pois      48%        1d5       4%          1

Your spell library contained the following spells:

 Spells                   Type           Power      Damage    Failure   Level
 Poisonous Vapours        Pois/Air       16%        N/A       12%         2
 Mephitic Cloud           Conj/Pois/Air  6%         N/A       32%         3
 Olgreb's Toxic Radiance  Pois           15%        N/A       36%         4


Dungeon Overview and Level Annotations

Branches:
Dungeon (2/15)

Altars:

Shops:
D:1 =

Annotations:
D:2 Natasha


Innate Abilities, Weirdness & Mutations

You are very small and have problems with some larger weapons.
You are too small for most types of armour.
You have supernaturally acute eyesight. (SInv)
You cover ground extremely quickly. (Speed+++)


Message History

Press: ? - help, Shift-Dir - straight line, f/p - Natasha
Aim: Natasha (64% to hit)
The sting hits Natasha but does no damage.
Natasha is poisoned.
Natasha claws you.
Natasha hisses.
Casting: Sting (safe; 4% risk of failure)
Confirm with . or Enter, or press ? or * to list all spells.
Aiming: Sting (safe; 4% risk of failure)
Press: ? - help, Shift-Dir - straight line, f/p - Natasha
Aim: Natasha (lightly wounded, poisoned, 64% to hit)
The sting misses Natasha.
Natasha stares at you and mumbles some strange words.
You feel yourself slow down.
Casting: Sting (safe; 4% risk of failure)
Confirm with . or Enter, or press ? or * to list all spells.
Aiming: Sting (safe; 4% risk of failure)
Press: ? - help, Shift-Dir - straight line, f/p - Natasha
Aim: Natasha (lightly wounded, poisoned, 64% to hit)
The sting hits Natasha.
Natasha looks even sicker.
Natasha is moderately wounded.
Natasha mumbles some strange words.
Natasha attacks as you move away! Natasha closely misses you.
The crimson imp blinks!
Casting: Sting (safe; 4% risk of failure)
Confirm with . or Enter, or press ? or * to list all spells.
Aiming: Sting (safe; 4% risk of failure)
Press: ? - help, Shift-Dir - straight line, f/p - Natasha
Aim: Natasha (moderately wounded, very poisoned, 64% to hit)
The sting hits Natasha.
Natasha looks even sicker.
Natasha is heavily wounded.
Natasha claws you! The crimson imp misses you.
Natasha growls.
Natasha claws you.
* * * LOW HITPOINT WARNING * * *
Natasha attacks as you move away! Natasha closely misses you.
The crimson imp misses you. Natasha attacks as you move away!
Natasha barely misses you.
Natasha stares at you and mumbles some strange words.
The magic dart hits you!
You die...

.....# #.............
.....###########
#############.
...............#
#...........
...............#
#...........
####...........####
#...........
#..............#
#...........
###########h5..#
############ #....#
#..@.# ####### #....#
#......
#....#########......
##...........#......
#...........#...... ####
######...........#......
...#
#.....(......<...#.[....
...#
#.......#######'##......
...#######.......#
#.........


You could see Natasha (very poisoned) and a crimson imp (summoned).

Vanquished Creatures
  Natasha (D:2)
  2 adders (D:2)
  A worm (D:2)
  A dart slug (D:1)
  3 bats
  4 endoplasms
  2 giant cockroaches (D:2)
  A goblin (D:2)
  4 hobgoblins
  2 jackals (D:1)
  4 quokkas
  6 ball pythons (D:1)
  2 frilled lizards
  4 kobolds
  A rat (D:1)
38 creatures vanquished.

Notes
Turn   | Place    | Note
-------+----------+-------------------------------------------
     0 | D:1      | PriceMaster the Spriggan Venom Mage began the quest for the
                  | Orb.
     0 | D:1      | Reached XP level 1. HP: 9/9 MP: 5/5
   424 | D:1      | Found Piguume's Jewellery Emporium.
   511 | D:1      | Reached XP level 2. HP: 13/13 MP: 2/6
  2235 | D:2      | Reached XP level 3. HP: 16/16 MP: 8/8
  2289 | D:2      | Noticed Natasha
  2304 | D:2      | Killed Natasha
  2332 | D:2      | Reached skill level 1 in Short Blades
  2573 | D:2      | Reached XP level 4. HP: 19/21 MP: 7/9
  3213 | D:2      | Identified the +11 tower shield of the Zebra {Str+3 Int+2}
  3249 | D:2      | Noticed Natasha
  3266 | D:2      | Killed from afar by Natasha

Illustrated notes

Levels and vault maps discovered:
D:1:      reono_arrival_mine, layout_loops_ring, serial_shops, shop
D:2:      layout_basic, uniq_natasha, uniq_jessica

Skill      XL: |  1  2  3 |
---------------+----------+-----
Dodging        | 3 |  3.3
Spellcasting   | 3 |  3.2
Transmutations | 2 |  2.4
Short Blades   | 1 |  1.2
Fighting       | |  0.3
Maces & Flails | |  0.1
Stealth        | |  3.2
Poison Magic   | |  3.8

Action                   |  1- 3 |  4- 6 || total
-------------------------+-------+-------++-------
Melee: Whip              |     8 |       ||     8
       Dagger            |    80 |    14 ||    94
       Short sword       |     4 |       ||     4
       Punch             |     2 |       ||     2
 Cast: Sting             |    27 |    19 ||    46
Evoke: Wand              |     1 |       ||     1
 Stab: Sleeping          |     4 |       ||     4
Armor: Robe              |    14 |     1 ||    15
Dodge: Dodged            |    78 |    19 ||    97

Table legend: (Time is in decaauts)
 A = Elapsed time spent in this place.
 B = Non-inter-level travel time spent in this place.
 C = Inter-level travel time spent in this place.
 D = Time resting spent in this place.
 E = Time spent auto-exploring this place.
 F = Levels seen in this place.
 G = Mean time per level.
                   A        B        C        D        E       F      G
               +--------+--------+--------+--------+--------+-----+--------+
         Total |   2808 |   2792 |     16 |    924 |   1510 |   2 | 1404.0 |
       Dungeon |   2808 |   2792 |     16 |    924 |   1510 |   2 | 1404.0 |
               +--------+--------+--------+--------+--------+-----+--------+

Top non-repeatable levels by time:
     D:1: 1749 daAuts
     D:2: 1058 daAuts
